 Dungeon Crawl Stone Soup version 0.25-a0-781-gc44aebf (webtiles) character file.

Game seed: 393365228544983915, levelgen mode: deterministic

9 MrTaco21 the Shield-Bearer (level 2, 0/19 HPs)
             Began as a Gargoyle Fighter on Apr 15, 2020.
             Slain by a giant cockroach (1 damage)
             ... on level 1 of the Dungeon.
             The game lasted 00:00:22 (100 turns).

MrTaco21 the Shield-Bearer (Gargoyle Fighter)        Turns: 100, Time: 00:00:23

Health: 0/19       AC:  9    Str: 19    XL:     2   Next: 16%
Magic:  2/2        EV:  7    Int:  8    God:
Gold:   17         SH:  9    Dex:  9    Spells: 1/1 levels left

rFire    . . .     SeeInvis .   a - +0 flail
rCold    . . .     Gourm    .   c - +0 kite shield
rNeg     + . .     Faith    .   b - +0 scale mail
rPois    ∞         Spirit   .   (no helmet)
rElec    +         Reflect  .   (no cloak)
rCorr    .         Harm     .   (no gloves)
MR       .....                  (no boots)
Stlth    ..........             (no amulet)
HPRegen  0.06/turn              (no ring)
MPRegen  0.08/turn              (no ring)

@: no status effects
A: negative energy resistance 1, electricity resistance, unbreathing,
petrification resistance, rot immunity, AC +2
a: no special abilities


You were on level 1 of the Dungeon.
You were not hungry.

You visited 1 branch of the dungeon, and saw 1 of its levels.

You collected 17 gold pieces.

Inventory:

Hand Weapons
 a - a +0 flail (weapon)
Armour
 b - a +0 scale mail (worn)
 c - a +0 kite shield (worn)
Potions
 d - a potion of might
Comestibles
 e - a ration {!d}


   Skills:
 - Level 3.2 Fighting
 + Level 2.8 Maces & Flails
 - Level 3.2 Armour
 - Level 3.2 Shields


You had one spell level left.
You didn't know any spells.
Your spell library was empty.

Dungeon Overview and Level Annotations

Branches:
Dungeon (1/15)

Altars:


Innate Abilities, Weirdness & Mutations

You are resistant to torment.
Your stone body is resilient. (AC +2)
You are immune to poison.
You resist negative energy. (rN+)
You are resistant to electric shocks. (rElec)
You can survive without breathing.
You are immune to petrification.
You are immune to rotting.


Message History

The giant cockroach bites you but does no damage.
The jackal bites you but does no damage.
The giant cockroach bites you but does no damage.
The jackal bites you but does no damage.
Unknown command.
You hit the giant cockroach. You block the bat's attack.
The jackal barely misses you. The giant cockroach barely misses you.
You block the jackal's attack. The giant cockroach closely misses you.
You barely miss the giant cockroach. The bat completely misses you.
You block the jackal's attack. The giant cockroach bites you.
* * * LOW HITPOINT WARNING * * *
The jackal bites you but does no damage.
Unknown command.
You closely miss the giant cockroach. You block the bat's attack.
The giant cockroach bites you.
* * * LOW HITPOINT WARNING * * *
The jackal barely misses you.
The giant cockroach bites you but does no damage.
You block the jackal's attack.
You barely miss the giant cockroach. The bat hits you but does no damage.
The giant cockroach bites you.
* * * LOW HITPOINT WARNING * * *
The jackal bites you but does no damage.
The giant cockroach bites you.
* * * LOW HITPOINT WARNING * * *
The bat hits you but does no damage.
The giant cockroach bites you but does no damage.
The jackal closely misses you.
Unknown command.
You barely miss the giant cockroach. The bat hits you but does no damage.
The giant cockroach bites you but does no damage.
A kobold comes into view. It is wielding a +0 dagger.
You block the jackal's attack. The giant cockroach barely misses you.
The giant cockroach bites you but does no damage.
Unknown command.
You closely miss the giant cockroach.
The jackal bites you but does no damage.
The giant cockroach bites you but does no damage.
The bat closely misses you. You block the giant cockroach's attack.
The jackal bites you but does no damage.
A jackal comes into view.
The giant cockroach closely misses you.
The giant cockroach bites you but does no damage.
Unknown command.
The jackal barks!
You hit the giant cockroach but do no damage.
The bat barely misses you. The jackal bites you.
* * * LOW HITPOINT WARNING * * *
The giant cockroach bites you.
You die...

#...#########....#.....
#...# ###..####.8.8.
#...#####...## #.....
##K........### ####+#
........#.###
....#.......#
....#..)###..#
....#.hs# #...#
......#@# ##...
.......s## #.
....#....####
...##.......# ..#
#.......## ...
##........#..
....#.............
.............#.#...
......#........s...


You could see a jackal, 2 giant cockroaches and a kobold.

Vanquished Creatures
  A leopard gecko (D:1)
  A giant cockroach (D:1)
  3 jackals (D:1)
  2 frilled lizards (D:1)
  A kobold (D:1)
8 creatures vanquished.

Notes
Turn   | Place    | Note
-------+----------+-------------------------------------------
     0 | D:1      | MrTaco21 the Gargoyle Fighter began the quest for the Orb.
     0 | D:1      | Reached XP level 1. HP: 14/14 MP: 1/1
    75 | D:1      | Reached XP level 2. HP: 11/19 MP: 2/2
   100 | D:1      | Slain by a giant cockroach

Levels and vault maps discovered:
D:1:      doesnt_arrival_eight_statues, layout_rooms, minivault_27

Action                   || total
-------------------------++-------
Melee: Flail             ||    49
Armor: Scale mail        ||    74
Dodge: Dodged            ||    44
Block: Kite shield       ||    44

Table legend:
 A = Non-vault XP
 B = Vault XP
 C = Vault XP percentage of total XP
 D = Non-vault monster count
 E = Vault monster count
 F = Vault count percentage of total count
                 A         B        C        D         E       F
            +---------+---------+-------+---------+---------+-------
      Total |      14 |       0 |   0.0 |       8 |       0 |   0.0
            +---------+---------+-------+---------+---------+-------
        D:1 |      14 |       0 |   0.0 |       8 |       0 |   0.0
            +---------+---------+-------+---------+---------+-------
